Map: Aura da Morte LE

Players

Zodte

  • Race: Terran Terran
  • League: Diamond
  • Spawn Location: 5:00

Lovatel - Winner!

  • Race: Zerg Zerg
  • League: Master
  • Spawn Location: 11:00

VOD

Have the link to the VOD?

Description

Time

  • Played on: Aug. 7, 2020, 5:02 p.m.
  • Length: 17:57
Show
View Real Time Build Order
Export as new Build Order

Zodte Terran 

Build Orders: Hellion Opening, Liberator Opening 

Get SALT Encoding   

  12  0:00  SCV  
  13  0:12  SCV  
  14  0:16  Supply Depot  
  14  0:24  SCV  
  14  0:28  Refinery  
  15  0:38  SCV  
  16  0:45  Barracks  
  16  0:50  SCV  
  17  1:02  SCV  
  18  1:14  SCV  
  19  1:26  SCV  
  19  1:32  Reaper  
  21  1:38  Orbital Command  
  21  1:47  Command Center  
  21  1:57  Factory  
  21  2:05  Barracks Reactor  
  21  2:10  SCV, Supply Depot  
  22  2:22  SCV  
  23  2:26  Refinery  
  23  2:34  SCV  
  24  2:43  Starport  
  24  2:46  SCV  
  25  2:52  Hellion  
  25  2:53  Hellion  
  29  2:58  SCV, Orbital Command  
  30  3:10  SCV  
  31  3:14  Hellion  
  33  3:20  Hellion  
  33  3:22  Medivac  
  33  3:23  SCV  
  38  3:28  SCV  
  38  3:31  Supply Depot  
  39  3:35  SCV  
  39  3:36  Hellion  
  39  3:40  SCV  
  43  3:41  Hellion  
  45  3:48  Armory, Barracks Tech Lab  
  45  3:52  SCV  
  45  3:55  Supply Depot  
  46  4:00  Hellion  
  46  4:01  SCV  
  49  4:03  Hellion  
  51  4:10  Liberator  
  51  4:12  Supply Depot  
  51  4:16  SCV  
  55  4:18  Supply Depot  
  55  4:19  SCV  
  55  4:22  Hellion  
  58  4:24  Stimpack  
  58  4:28  SCV  
  58  4:30  Hellion  
  61  4:43  Hellion  
  61  4:44  SCV x2  
  64  4:51  Hellion  
  66  5:02  SCV, Marine  
  66  5:05  Hellion, Starport Reactor  
  70  5:07  Barracks  
  70  5:09  Barracks  
  70  5:13  SCV  
  71  5:16  Command Center  
  71  5:19  Hellion x3  
  71  5:20  Hellion  
  71  5:24  SCV  
  71  5:25  SCV  
  73  5:34  Marine  
  71  5:36  SCV  
  71  5:37  SCV  
  71  5:39  Hellion x4  
  73  5:48  SCV  
  73  5:49  SCV  
  73  5:52  Marine  
  73  5:55  Marine  
  73  6:00  SCV  
  73  6:01  SCV  
  73  6:05  Refinery  
  73  6:06  Refinery  
  73  6:09  Medivac x2  
  73  6:10  Barracks Reactor, Marine  
  74  6:12  SCV, Marine  
  74  6:14  Barracks  
  74  6:18  Barracks  
  72  6:24  Hellion x2  
  76  6:28  Marine  
  76  6:30  Marine  
  76  6:31  Combat Shield  
  78  6:35  Engineering Bay  
  78  6:37  Engineering Bay  
  78  6:38  SCV x2  
  80  6:45  Hellion  
  80  6:46  Marine  
  83  6:48  Marine  
  83  6:49  Marine x2  
  83  6:53  SCV  
  87  6:56  Orbital Command  
  87  6:59  SCV  
  88  7:03  Marine  
  88  7:06  Marine  
  88  7:07  Marine  
  91  7:11  Marine x2  
  91  7:12  Hellion x4  
  93  7:16  Terran Infantry Weapons Level 1, Terran Infantry Armor Level 1  
  93  7:19  Supply Depot  
  93  7:21  Supply Depot  
  93  7:33  Supply Depot  
  93  7:34  Supply Depot  
  93  7:35  Supply Depot  
  93  7:41  SCV x3, Marine x5  
  93  7:42  Command Center, Marine  
  102  7:53  SCV x3  
  105  7:59  Supply Depot, Marine x5  
  105  8:00  Marine  
  105  8:05  SCV x3  
  112  8:16  Marine x5  
  112  8:17  SCV  
  112  8:18  Marine  
  109  8:21  SCV x2  
  106  8:29  SCV  
  95  8:34  Marine x5  
  95  8:36  Marine  
  97  8:44  Command Center  
  97  8:45  SCV x2  
  97  8:52  Marine  
  97  8:53  Medivac x2  
  102  9:06  Barracks Tech Lab x2  
  102  9:12  Command Center  
  102  9:14  Barracks Tech Lab  
  102  9:23  Medivac x2  
  106  9:29  Planetary Fortress  
  106  9:36  Marine x6  
  87  9:53  Medivac x2, Marine  
  87  9:54  Marine x5  
  96  10:05  Orbital Command  
  96  10:11  Marine  
  96  10:12  Terran Infantry Armor Level 2, Marine x2, Terran Infantry Weapons Level 2  
  99  10:19  Refinery  
  99  10:21  SCV x3, Refinery  
  101  10:23  Medivac x2  
  106  10:29  SCV x2  
  108  10:44  SCV x3  
  108  10:46  SCV  
  108  10:48  Orbital Command  
  112  10:52  Viking  
  112  10:54  SCV  
  112  10:56  SCV  
  116  11:06  Marine  
  116  11:07  Marine x2  
  119  11:15  Marine  
  119  11:16  Marine x2  
  122  11:24  Marine x2, Barracks  
  122  11:25  Marine, Barracks  
  125  11:30  Viking x2  
  129  11:33  Marine  
  129  11:34  Marine x2  
  132  11:43  Marauder  
  134  11:51  Marauder  
  134  11:52  Marauder x2  
  140  11:54  Barracks  
  140  11:56  Barracks  
  140  12:04  Viking x2, Marauder  
  146  12:09  Marine x2  
  146  12:13  Marauder x3  
  154  12:21  Marine x2  
  151  12:25  Marine  
  151  12:26  Marine  
  151  12:27  Marine  
  153  12:34  Marauder, Marine  
  153  12:35  Marauder  
  158  12:39  Marine x2  
  158  12:43  Marauder  
  158  12:44  Marine x2  
  155  12:53  Marauder  
  155  12:56  Marauder x2  
  155  12:57  Marine x2  
  145  13:02  Marine x2  
  145  13:05  Marauder  
  146  13:13  Terran Infantry Weapons Level 3, Marine, Terran Infantry Armor Level 3  
  146  13:14  Marine  
  146  13:15  Marine  
  146  13:16  Marine  
  146  13:17  Marine  
  127  13:20  Marine x2  
  127  13:26  Marine  
  130  13:31  Marine  
  130  13:34  Marine  
  130  13:35  Marauder  
  130  13:38  Marine x2  
  130  13:39  Barracks Reactor  
  130  13:40  Barracks Reactor  
  124  13:41  Barracks Reactor  
  124  13:43  Barracks Tech Lab  
  124  13:44  Marauder  
  123  13:50  Marauder  
  123  13:53  Marauder  
  123  13:54  Barracks x2  
  125  13:55  Marine  
  125  13:56  Marine  
  125  13:57  Marauder  
  125  14:03  Marauder  
  125  14:05  Marauder  
  127  14:11  Marauder  
  127  14:13  Marine x2  
  127  14:14  Marauder  
  109  14:18  Marauder  
  109  14:22  Marine x2  
  109  14:23  Marine x3  
  109  14:24  Marauder, Marine  
  104  14:27  Marauder  
  104  14:29  Factory  
  108  14:31  Marine x2  
  108  14:32  Marauder  
  108  14:33  Terran Vehicle Weapons Level 1  
  108  14:35  Marine  
  108  14:36  Factory  
  108  14:37  Factory, Barracks  
  111  14:39  Marine  
  111  14:44  Factory Tech Lab  
  111  14:45  Marine  
  106  14:48  Marine  
  106  14:49  Marine  
  101  14:53  Marauder  
  101  14:56  Marauder  
  101  14:57  Marauder  
  101  14:59  Marine  
  106  15:00  Marine  
  106  15:03  Marauder  
  106  15:06  Marauder  
  104  15:15  Marauder  
  104  15:17  Marauder  
  104  15:18  Factory Tech Lab  
  104  15:19  Marauder, Siege Tank  
  100  15:23  Marine x2  
  100  15:24  Marine x6  
  100  15:25  Marauder  
  100  15:27  Marauder  
  104  15:32  Barracks Reactor x2  
  104  15:36  Marauder  
  104  15:38  Marauder  
  104  15:39  Factory Tech Lab  
  104  15:40  Marauder  
  104  15:41  Marine x3  
  104  15:42  Marine x3  
  116  15:46  Marauder  
  116  15:48  Ghost Academy  
  116  15:49  Marauder, Marine x2  
  122  15:52  Siege Tank  
  122  15:54  Siege Tank  
  122  15:55  Factory Tech Lab  
  126  15:57  Marauder  
  126  15:59  Marine x5  
  131  16:07  Marine x6  
  124  16:15  Marauder  
  124  16:18  Marauder  
  97  16:19  Marauder  
  97  16:24  Siege Tank  
  86  16:26  Marauder x2, Siege Tank  
  86  16:37  Marauder  
  86  16:38  Siege Tank x2  
  86  16:39  Marauder  
  94  16:40  Marauder  
  94  16:44  Orbital Command  
  94  16:46  Marine x2  
  94  16:47  Marine x3  
  98  16:54  Marine x5  
  102  16:55  Marine x2  
  102  16:56  Siege Tank  
  98  17:38  Marine x3  
Show
View Real Time Build Order
Export as new Build Order

Lovatel Zerg - Winner!

Build Orders: Hatch First 

Get SALT Encoding   

  12  0:01  Drone  
  13  0:12  Overlord  
  13  0:16  Drone  
  14  0:30  Drone x2  
  16  0:47  Hatchery  
  15  0:51  Drone  
  15  0:55  Drone  
  17  0:57  Drone  
  18  1:11  Spawning Pool  
  18  1:15  Extractor  
  18  1:16  Drone  
  17  1:19  Drone  
  18  1:28  Drone  
  19  1:44  Overlord  
  19  1:50  Drone  
  20  2:00  Queen x2, Drone  
  25  2:01  Zergling x2  
  26  2:11  Drone  
  26  2:12  Drone  
  26  2:15  Metabolic Boost  
  28  2:20  Drone  
  30  2:22  Drone  
  30  2:35  Overlord  
  30  2:39  Queen  
  30  2:42  Overlord  
  32  2:46  Drone x2  
  34  2:55  Drone x2  
  36  3:03  Drone  
  36  3:04  Drone  
  38  3:09  Roach Warren  
  38  3:11  Drone x5  
  42  3:15  Overlord  
  42  3:16  Pneumatized Carapace  
  42  3:21  Drone x2  
  42  3:26  Extractor  
  43  3:27  Extractor  
  43  3:28  Spore Crawler  
  43  3:29  Drone  
  43  3:31  Drone  
  43  3:37  Spore Crawler  
  43  3:38  Queen  
  44  3:45  Overlord  
  44  3:46  Drone x2  
  44  3:47  Drone  
  44  3:48  Drone  
  48  3:50  Drone  
  48  3:52  Drone  
  50  4:00  Lair  
  50  4:03  Drone x3  
  53  4:16  Hatchery  
  52  4:21  Queen  
  52  4:23  Overlord  
  54  4:25  Overlord  
  54  4:28  Roach  
  54  4:30  Roach  
  58  4:32  Roach  
  58  4:35  Roach  
  56  4:48  Zergling x2  
  55  5:02  Queen  
  55  5:04  Drone x9  
  66  5:08  Overseer  
  66  5:10  Glial Reconstitution  
  66  5:17  Nydus Network  
  66  5:19  Infestation Pit  
  64  5:23  Drone x2  
  64  5:24  Extractor  
  64  5:25  Drone  
  66  5:33  Roach x3  
  68  5:39  Roach x2  
  71  5:51  Roach x6  
  71  5:56  Roach  
  83  6:24  Drone x6  
  83  6:25  Drone  
  90  6:29  Extractor  
  90  6:32  Spore Crawler, Queen  
  89  6:33  Extractor  
  89  6:39  Overlord  
  89  6:51  Overlord x2  
  89  6:53  Drone  
  90  6:58  Overseer  
  90  7:01  Drone x8  
  90  7:07  Overlord x2  
  98  7:09  Overseer  
  98  7:21  Roach x7  
  112  7:29  Overlord x2  
  112  7:31  Ravager x3  
  112  7:32  Ravager  
  112  7:35  Overlord  
  112  7:36  Overlord  
  116  7:44  Evolution Chamber x2  
  115  7:49  Nydus Canal  
  115  7:50  Infestor  
  115  7:51  Infestor  
  118  7:53  Pathogen Glands  
  118  7:56  Roach x3  
  118  7:57  Roach  
  126  7:59  Roach  
  126  8:03  Queen  
  130  8:13  Roach x2  
  130  8:14  Roach  
  130  8:20  Roach x3  
  133  8:38  Drone x8  
  129  8:50  Drone  
  129  8:51  Drone x2  
  129  8:52  Queen  
  134  9:08  Zerg Missile Weapons Level 1, Zerg Ground Armor Level 1  
  134  9:10  Infestor  
  134  9:11  Infestor  
  134  9:16  Nydus Canal  
  138  9:22  Overlord  
  138  9:26  Infestor x2  
  138  9:29  Roach x5  
  126  10:06  Nydus Canal  
  126  10:15  Drone x7  
  126  10:16  Drone  
  126  10:17  Roach x8  
  126  10:19  Hive  
  150  10:26  Hatchery, Infestor x2  
  153  10:29  Overseer, Extractor  
  153  10:35  Overlord x2  
  152  10:39  Hydralisk Den  
  152  10:41  Spire  
  150  10:47  Queen  
  150  10:49  Burrow  
  176  11:02  Zerg Missile Weapons Level 2  
  176  11:08  Nydus Canal  
  176  11:22  Overlord x3  
  176  11:26  Swarm Host  
  176  11:27  Swarm Host  
  176  11:29  Overlord x2  
  176  11:31  Zerg Ground Armor Level 2  
  185  11:33  Drone  
  185  11:34  Overlord x2  
  186  11:52  Drone x2  
  186  11:53  Drone, Corruptor x2  
  186  11:54  Corruptor  
  193  12:01  Overlord x2  
  195  12:12  Nydus Canal  
  195  12:34  Overlord  
  195  12:35  Overlord  
  195  12:40  Overlord  
  195  12:41  Overlord x2  
  191  12:44  Overlord x2  
  191  12:45  Overlord  
  191  12:46  Spine Crawler, Spore Crawler  
  191  12:47  Spine Crawler, Spore Crawler  
  187  12:57  Roach x5  
  187  12:58  Roach x5  
  199  13:03  Queen  
  192  13:13  Extractor  
  187  13:21  Hatchery  
  197  13:38  Nydus Canal  
  197  13:39  Overlord x2  
  187  13:47  Infestor  
  187  13:48  Infestor  
  189  13:53  Hatchery  
  189  13:55  Spore Crawler  
  185  13:56  Spore Crawler x2  
  185  13:58  Infestor x3  
  185  14:00  Nydus Canal  
  189  14:08  Infestor x2  
  185  14:22  Hydralisk x2  
  185  14:23  Hydralisk x3  
  193  14:29  Hydralisk  
  193  14:30  Hydralisk x2  
  199  14:36  Corruptor  
  199  14:40  Overlord  
  199  14:42  Overlord  
  197  14:58  Extractor  
  197  14:59  Extractor  
  195  15:00  Hydralisk x2  
  195  15:17  Hydralisk  
  195  15:18  Hydralisk x5  
  197  15:23  Grooved Spines  
  197  15:27  Nydus Canal  
  195  15:30  Drone x4  
  195  15:31  Drone  
  200  15:40  Overlord x3  
  200  15:50  Nydus Canal  
  196  16:17  Hydralisk  
  196  16:18  Hydralisk x9  
  176  16:27  Hydralisk  
  176  16:28  Hydralisk x3  
  176  16:31  Roach  
  186  16:34  Muscular Augments  
  183  16:49  Infestor x5  
  183  16:51  Roach  
  183  16:52  Roach x2  
  199  17:05  Drone  
  200  17:23  Lurker Den  
  200  17:26  Hatchery  
Tags
 
Add a new tag
Caveats
  • Supply blocks, unpowered buildings, or Contaminate may cause inaccurate times.
  • Supply counts are checked every 10 seconds.